[Event "Team 45 45 League T48"]
[Site "Internet Chess Club"]
[Date "2011.02.12"]
[Round "1"]
[White "Deadly-Spike"]
[Black "Xanther"]
[Result "1/2-1/2"]
[WhiteElo "1465"]
[BlackElo "1490"]
[Opening "French: Rubinstein variation"]
[ECO "C03"]
[Time "19:03:11"]
[TimeControl "2700+45"]

1. e4 e6 2. d4 d5 3. Nd2 dxe4 4. Nxe4 Nd7 5. Nf3 Be7 6. Bd3 Ngf6 7. c3 O-O 8.
O-O Nxe4 9. Bxe4 c5 10. Qc2 Nf6 11. Bd3 cxd4 12. Nxd4 Bd7 13. Re1 Rc8 14. Nb3
Ba4 15. Re3 Bc5 16. Rh3 h6 17. Qe2 Bxb3 18. axb3 Qd5 19. c4 Qd4 20. Be3 Qg4 21.
Bxc5 Rxc5 22. Qxg4 Nxg4 23. Be2 Ne5 24. Rxa7 b5 25. Rc3 bxc4 26. bxc4 Rb8 27. b3
Nc6 28. Ra3 Re5 29. Re3 Rc5 30. Bf3 Nd4 31. Rd3 Nxf3+ 32. Rxf3 Rxc4 33. g3 Rcb4
34. Rc3 R8b7 35. Kg2 Kf8 36. Kf3 Ke7 37. Ke3 Kd6 38. Kd3 Kd5 39. Ra5+ R7b5 40.
Rxb5+ Rxb5 41. Kc2 Kd6 42. Rc4 Ke5 43. b4 Kd5 44. Kc3 e5 45. f3 f5 46. h3 g5 47.
Kd3 h5 48. h4 e4+ 49. fxe4+ fxe4+ 50. Rxe4 g4 51. Rc4 Ke6 52. Kc3 Rf5 53. Kd3
Rf3+ 54. Ke4 Rxg3 55. b5 Rb3 56. Rc5 g3 57. Rxh5 g2 58. Rg5 g1=Q 59. Rxg1 Rxb5
60. Rh1 Rh5 61. Kf4 Kf6 62. Kg4 Rh8 63. h5 Kg7 64. Kg5 Kh7 65. Kf6 Rf8+ 66. Ke7
Rg8 67. Kf6 Rf8+ 68. Kg5 Rg8+ 69. Kh4 Kh6 70. Rf1 Kh7 71. Rf7+ Kh6 72. Rf6+ Kh7
73. Kh3 Rg7 74. Kh4 Rg1 75. Rf7+ Kh8 76. h6 Rh1+ 77. Kg5 Rg1+ 78. Kh4 Rh1+ 79.
Kg4 Rxh6 80. Rf8+ Kg7 81. Rd8 Rg6+ 82. Kf5 {Game drawn by mutual agreement}
1/2-1/2

[Event "Team 45 45 League T48"]
[Site "Internet Chess Club"]
[Date "2011.02.13"]
[Round "1"]
[White "justice02"]
[Black "gandre"]
[Result "0-1"]
[WhiteElo "1652"]
[BlackElo "1654"]
[Opening "French: Schlechter variation"]
[ECO "C01"]
[Time "09:00:28"]
[TimeControl "2700+45"]

1. e4 e6 2. d4 d5 3. Bd3 dxe4 4. Bxe4 Nf6 5. Bd3 c5 6. Nf3 Nc6 7. c3 cxd4 8.
cxd4 Be7 9. a3 a5 10. O-O O-O 11. Bc2 Qb6 12. Qd3 Rd8 13. Rd1 e5 14. Qe3 exd4
15. Qf4 Be6 16. Nbd2 a4 17. Re1 Bc5 18. Ne4 Nxe4 19. Bxe4 h6 20. Qg3 Bd6 21. Qh4
Be7 22. Qh5 Ra5 23. Ng5 Bxg5 24. Bxg5 Rxg5 25. Qh4 Ne7 26. f4 Ng6 27. Qf2 Nxf4
28. Qxf4 d3+ 29. Qe3 Qxe3+ 30. Rxe3 d2 31. Rd1 Bb3 32. Rxb3 axb3 33. Kf2 Rc5 34.
g4 Rc2 35. Bxb7 Rxb2 36. a4 Ra2 37. Bc6 b2 38. Be4 Ra1 39. Bb1 Rxb1 {White
resigns} 0-1

[Event "Team 45 45 League T48"]
[Site "Internet Chess Club"]
[Date "2011.02.13"]
[Round "1"]
[White "BYOB69"]
[Black "sbaker831"]
[Result "1-0"]
[WhiteElo "1641"]
[BlackElo "1656"]
[Opening "Queen's pawn"]
[ECO "A40"]
[Time "13:01:09"]
[TimeControl "2700+45"]

1. d4 e6 2. Bf4 d5 3. e3 c6 4. c4 f5 5. Nf3 Nf6 6. Nbd2 Be7 7. Ne5 O-O 8. Be2
Nbd7 9. h3 Ne4 10. Nxe4 fxe4 11. O-O Nf6 12. c5 Bd7 13. b4 a6 14. a4 Be8 15. Qd2
Bh5 16. Rfb1 Bxe2 17. Qxe2 Nd7 18. b5 Nxe5 19. Bxe5 axb5 20. axb5 Bf6 21. Bd6
Be7 22. Rxa8 {Black resigns} 1-0

[Event "Team 45 45 League T48"]
[Site "Internet Chess Club"]
[Date "2011.02.10"]
[Round "1"]
[White "ScotchYeti"]
[Black "AstroChessPilot"]
[Result "1-0"]
[WhiteElo "1664"]
[BlackElo "1521"]
[Opening "Ruy Lopez: modern Steinitz defense, 5.O-O"]
[ECO "C72"]
[Time "16:01:10"]
[TimeControl "2700+45"]

1. e4 e5 2. Nf3 Nc6 3. Bb5 a6 4. Ba4 d6 5. O-O Bd7 6. c3 g6 7. d4 Bg7 8. Bg5 Nf6
9. d5 Ne7 10. Nbd2 h6 11. Bxd7+ Qxd7 12. Be3 Ng4 13. Nc4 b5 14. Na5 Nxe3 15.
fxe3 O-O 16. a4 f5 17. exf5 Nxf5 18. Qd3 Rae8 19. e4 Ne7 20. axb5 Qxb5 21. Qxb5
axb5 22. Rfc1 Ra8 23. c4 bxc4 24. Rxc4 Rfc8 25. Rca4 Rab8 26. b4 Rb5 27. Rb1
Rcb8 28. Nd2 h5 29. Ndc4 Bh6 30. Kf2 Kf8 31. Na3 R5b6 32. b5 Nc8 33. Nc6 Bd2 34.
Nxb8 Rxb8 35. Nc4 Bc3 36. Ra3 Bd4+ 37. Kg3 g5 38. Rf3+ Kg7 39. Na5 Ra8 40. Nc6
Bb6 41. Rbf1 Na7 42. Rf7+ Kg8 43. Ne7+ Kh8 44. R1f6 {Black resigns} 1-0

[Event "Team 45 45 League T48"]
[Site "Internet Chess Club"]
[Date "2011.02.13"]
[Round "1"]
[White "cdir"]
[Black "cepheid"]
[Result "1/2-1/2"]
[WhiteElo "1429"]
[BlackElo "1602"]
[Opening "Sicilian: Alapin's variation (2.c3)"]
[ECO "B22"]
[Time "10:05:32"]
[TimeControl "2700+45"]

1. e4 c5 2. c3 g6 3. d4 cxd4 4. cxd4 d5 5. exd5 Nf6 6. Nc3 Nxd5 7. Nf3 Bg7 8.
Bc4 Nb6 9. Bb3 O-O 10. O-O Bg4 11. Bf4 Nc6 12. d5 Nd4 13. Qd3 Nxf3+ 14. gxf3 Bf5
15. Qd2 Rc8 16. Rfd1 Nc4 17. Qe2 Nd6 18. Rac1 Re8 19. Qd2 a6 20. Re1 Qa5 21. Bc2
Bxc2 22. Rxc2 Kf8 23. Ne4 Qxd2 24. Rxd2 Nf5 25. Kg2 Red8 26. d6 exd6 27. Nxd6
Nxd6 28. Bxd6+ Kg8 29. Red1 Bf6 30. f4 Rd7 31. Be5 Rxd2 32. Rxd2 Rd8 33. Rxd8+
Bxd8 34. Kf3 f6 35. Bd6 f5 36. Ke2 Bb6 37. f3 Kf7 38. Kd3 Ke6 39. Be5 g5 40. h3
h5 41. b3 g4 42. fxg4 fxg4 43. hxg4 hxg4 44. Ke4 Bf2 45. f5+ Kf7 46. f6 g3 47.
Kf3 b6 48. a4 b5 49. axb5 axb5 50. Bxg3 Bxg3 51. Kxg3 Kxf6 52. Kf4 {Game drawn
by mutual agreement} 1/2-1/2

[Event "Team 45 45 League T48"]
[Site "Internet Chess Club"]
[Date "2011.02.11"]
[Round "1"]
[White "LazyPeon"]
[Black "andrew32"]
[Result "1-0"]
[WhiteElo "1722"]
[BlackElo "1359"]
[Opening "King's Indian: orthodox, 7...Nbd7"]
[ECO "E94"]
[Time "16:21:49"]
[TimeControl "2700+45"]

1. d4 Nf6 2. c4 g6 3. Nc3 Bg7 4. e4 d6 5. Be2 Nbd7 6. Nf3 e5 7. O-O O-O 8. d5
Ne8 9. Nd2 c6 10. dxc6 bxc6 11. Nb3 Bb7 12. Be3 f5 13. f3 Kh8 14. c5 Ndf6 15.
cxd6 fxe4 16. Bc5 Nd7 17. Nxe4 Nxc5 18. Nbxc5 Bc8 19. d7 Bxd7 20. Nxd7 Qe7
{Black resigns} 1-0

[Event "Team 45 45 League T48"]
[Site "Internet Chess Club"]
[Date "2011.02.13"]
[Round "1"]
[White "Juan73"]
[Black "ticopatzer"]
[Result "0-1"]
[WhiteElo "1661"]
[BlackElo "1607"]
[Opening "Petrov three knights game"]
[ECO "C42"]
[Time "20:05:51"]
[TimeControl "2700+45"]

1. e4 e5 2. Nf3 Nf6 3. Nc3 Bb4 4. Bc4 Nc6 5. d4 Nxe4 6. O-O Nxc3 7. bxc3 Bxc3 8.
Rb1 Bxd4 9. Nxd4 Nxd4 10. Re1 Nc6 11. Bb2 d6 12. Qf3 O-O 13. Bd3 Be6 14. Qg3
Bxa2 15. Rbd1 Qd7 16. Bxe5 Nxe5 17. Rxe5 f5 18. Re3 f4 19. Qh3 Qxh3 20. Rxh3 h6
21. c4 a5 22. Be2 a4 23. Rd4 Bb3 24. g3 a3 25. gxf4 a2 26. Rxb3 a1=Q+ 27. Rd1
Qf6 28. Rxb7 Qxf4 29. Rf1 Ra2 30. Bd3 Rxf2 31. Rbb1 {White resigns} 0-1

[Event "Team 45 45 League T48"]
[Site "Internet Chess Club"]
[Date "2011.02.11"]
[Round "1"]
[White "Rapidcitychess"]
[Black "Andressa"]
[Result "1/2-1/2"]
[WhiteElo "1558"]
[BlackElo "1492"]
[Opening "Ruy Lopez: old Steinitz defense"]
[ECO "C62"]
[Time "14:00:32"]
[TimeControl "2700+45"]

1. e4 e5 2. Nf3 Nc6 3. Bb5 d6 4. d4 a6 5. Bxc6+ bxc6 6. dxe5 Bg4 7. exd6 Bxf3 8.
Qxf3 Bxd6 9. e5 Bb4+ 10. c3 Ne7 11. cxb4 O-O 12. O-O Rb8 13. a3 Qd4 14. Nc3 Nd5
15. Nxd5 cxd5 16. Qc3 Qb6 17. Be3 Qb7 18. Rac1 Rbc8 19. Rfd1 c6 20. Bd4 Rfe8 21.
f4 Qd7 22. Qg3 Qf5 23. Rc2 Qxc2 24. Rd3 Qc1+ 25. Kf2 Qc2+ 26. Kg1 Qc1+ 27. Kf2
Qc2+ 28. Kg1 Qc1+ {Game drawn by repetition} 1/2-1/2

[Event "Team 45 45 League T48"]
[Site "Internet Chess Club"]
[Date "2011.02.11"]
[Round "1"]
[White "katikus"]
[Black "edelgado"]
[Result "1-0"]
[WhiteElo "1634"]
[BlackElo "1567"]
[Opening "Scandinavian: Marshall variation"]
[ECO "B01"]
[Time "20:01:43"]
[TimeControl "2700+45"]

1. e4 d5 2. exd5 Nf6 3. d4 Nxd5 4. c4 Nb6 5. Nf3 g6 6. Nc3 Bg7 7. h3 O-O 8. Be2
Nc6 9. Be3 e5 10. dxe5 Qxd1+ 11. Rxd1 Nxe5 12. Nxe5 Bxe5 13. Bd4 Re8 14. Bxe5
Rxe5 15. Rd8+ Kg7 16. O-O Bg4 17. Rxa8 Bxe2 18. Re1 Nxa8 19. Rxe2 Rxe2 20. Nxe2
Nb6 21. b3 c5 22. Nc3 a6 23. Kf1 f5 24. Ke2 Kf6 25. Ke3 g5 26. f4 h6 27. fxg5+
Kxg5 28. Ne2 Nd7 29. Nf4 Kh4 30. Kf2 b5 31. cxb5 axb5 32. g3+ Kg5 33. Ne6+ Kf6
34. Nc7 b4 35. Ke3 Ke5 36. Na6 h5 37. h4 Nf6 38. Nxc5 Nd5+ 39. Kd3 Nc3 40. a4
bxa3 41. Kxc3 a2 {Black resigns} 1-0

[Event "Team 45 45 League T48"]
[Site "Internet Chess Club"]
[Date "2011.02.10"]
[Round "1"]
[White "Theodulf"]
[Black "tightfist"]
[Result "0-1"]
[WhiteElo "1583"]
[BlackElo "1561"]
[Opening "Robatsch (modern) defense"]
[ECO "B07"]
[Time "22:01:50"]
[TimeControl "2700+45"]

1. e4 d6 2. d4 g6 3. Nc3 Bg7 4. Bg5 h6 5. Bf4 g5 6. Bg3 e6 7. Qd2 Nc6 8. Bb5 Bd7
9. Nge2 a6 10. Bxc6 Bxc6 11. O-O Nf6 12. d5 Bd7 13. dxe6 Bxe6 14. Rad1 O-O 15.
f4 Nh5 16. f5 Bc4 17. Rf2 Qe7 18. Rdf1 Bf6 19. h4 Nxg3 20. Nxg3 Bxf1 21. Rxf1
Bxc3 22. Qxc3 f6 23. hxg5 hxg5 24. Qc4+ Qf7 25. Qc3 Rab8 26. b3 Rfc8 27. Qf3 Re8
28. Nh5 Re5 29. g4 Rbe8 30. Qc3 Kf8 31. Rf2 Rxe4 32. Nxf6 Re1+ 33. Kg2 R8e2 34.
Nh5 Qd5+ 35. Qf3 Qxf3+ 36. Kxf3 Rxf2+ 37. Kxf2 Rc1 38. c4 Rc2+ 39. Ke3 Rxa2 40.
Kd3 c6 41. Nf6 Rg2 42. Nh7+ Kg7 43. Nxg5 Rxg4 44. Ne6+ Kf6 45. Nd8 Rg7 46. Ne6
Re7 47. Ke4 Rxe6+ 48. fxe6 Kxe6 49. Kd4 c5+ 50. Ke4 b6 51. Kf4 d5 {White
resigns} 0-1

[Event "Team 45 45 League T48"]
[Site "Internet Chess Club"]
[Date "2011.02.15"]
[Round "1"]
[White "AlekSaxon"]
[Black "parrot9"]
[Result "1-0"]
[WhiteElo "1468"]
[BlackElo "1590"]
[Opening "Queen's gambit accepted"]
[ECO "D23"]
[Time "15:00:20"]
[TimeControl "2700+45"]

1. d4 d5 2. c4 dxc4 3. Nf3 Nf6 4. Bf4 e6 5. e3 a6 6. Bxc4 b5 7. Bb3 Bb7 8. Nbd2
Nbd7 9. Rc1 Rc8 10. O-O Be7 11. Ne5 c5 12. Ndf3 O-O 13. Nxf7 Rxf7 14. Bxe6 Ne4
15. Ne5 Nxe5 16. Bxe5 Qb6 17. d5 Nf6 18. Qf3 Rd8 19. e4 Rf8 20. g4 h6 21. h4 Bc8
22. Qf5 Bxe6 23. dxe6 c4 24. exf7+ Rxf7 25. Qc8+ Rf8 26. Qc7 Qe6 27. f3 Nxg4 28.
Bd4 Rf7 29. Qg3 Nf6 30. Be3 Kh7 31. Rf2 Nh5 32. Qg4 g6 33. Qxe6 {Black resigns}
1-0

[Event "Team 45 45 League T48"]
[Site "Internet Chess Club"]
[Date "2011.02.12"]
[Round "1"]
[White "Invicta-Knight"]
[Black "Cergillio"]
[Result "1-0"]
[WhiteElo "1569"]
[BlackElo "1208"]
[Opening "French: advance variation"]
[ECO "C01"]
[Time "09:00:23"]
[TimeControl "2700+45"]

1. e4 e6 2. d4 c5 3. c3 d5 4. e5 f6 5. Nf3 cxd4 6. cxd4 Bb4+ 7. Bd2 Qa5 8. Bxb4
Qxb4+ 9. Qd2 Nc6 10. a3 Qxd2+ 11. Nbxd2 f5 12. b4 a6 13. Rc1 Nge7 14. Nb3 b5 15.
Nc5 O-O 16. h4 h6 17. h5 Kh7 18. Bd3 Ra7 19. g4 Kg8 20. gxf5 exf5 21. Ke2 Kh8
22. Bc2 Kg8 23. Rhg1 a5 24. bxa5 Rxa5 25. a4 b4 26. Rg2 Ba6+ 27. Bd3 Bxd3+ 28.
Kxd3 f4 29. Rcg1 Nf5 30. Rg6 Nce7 31. Rb6 Nc8 32. Rxb4 Na7 33. Rb7 Nc6 34. Rc7
Nb4+ 35. Kc3 Na2+ 36. Kb2 Rfa8 37. Kxa2 Rxc5 38. dxc5 Rxa4+ 39. Kb3 Re4 40. Re1
Nd4+ 41. Nxd4 Rxd4 42. e6 Kf8 43. Ra1 Kg8 44. Ra8+ Kh7 45. e7 f3 46. e8=Q {Black
resigns} 1-0

[Event "Team 45 45 League T48"]
[Site "Internet Chess Club"]
[Date "2011.02.12"]
[Round "1"]
[White "pestka"]
[Black "ben622"]
[Result "1-0"]
[WhiteElo "2311"]
[BlackElo "1930"]
[Opening "English opening"]
[ECO "A05"]
[Time "16:06:48"]
[TimeControl "2700+45"]

1. Nf3 Nf6 2. c4 g6 3. Nc3 d5 4. cxd5 Nxd5 5. Qa4+ Bd7 6. Qh4 Nxc3 7. bxc3 Bg7
8. Rb1 b6 9. d4 O-O 10. e4 c5 11. Bh6 Nc6 12. Rd1 Na5 13. Ng5 f6 14. Bxg7 fxg5
15. Qh6 Rf7 16. Be5 cxd4 17. Bxd4 e5 18. Be3 Qc7 19. Qxg5 Qxc3+ 20. Bd2 Qb2 21.
Be2 Bb5 22. Bxb5 Qxb5 23. Bxa5 Qxa5+ 24. Qd2 Qb5 25. Qd5 Qb4+ 26. Rd2 Qb1+ 27.
Rd1 Qb4+ 28. Rd2 Qb3 29. Qxb3 {Black resigns} 1-0

[Event "Team 45 45 League T48"]
[Site "Internet Chess Club"]
[Date "2011.02.11"]
[Round "1"]
[White "jorobo"]
[Black "eurander"]
[Result "0-1"]
[WhiteElo "2040"]
[BlackElo "2212"]
[Opening "QGD Slav: exchange variation, 6.Bf4 Bf5"]
[ECO "D14"]
[Time "15:01:05"]
[TimeControl "2700+45"]

1. d4 d5 2. c4 c6 3. cxd5 cxd5 4. Nc3 Nf6 5. Nf3 Nc6 6. Bf4 Bf5 7. e3 e6 8. Bd3
Bxd3 9. Qxd3 Be7 10. h3 Rc8 11. O-O O-O 12. Rac1 Nd7 13. Ne5 Ncxe5 14. Bxe5 Nxe5
15. dxe5 Rc6 16. Ne2 Qb8 17. f4 Rfc8 18. a3 Rc4 19. Rc3 b5 20. Rfc1 Qb6 21. Nd4
Bc5 22. b4 Bxd4 23. exd4 Rd8 24. Rd1 Qc6 25. Rxc4 dxc4 26. Qe3 Qd5 27. Kf2 Rc8
28. Qf3 Kf8 29. Qxd5 exd5 30. Ke3 a5 31. bxa5 Ra8 32. Rc1 Rxa5 33. Rc3 g6 34. g4
Ke7 35. f5 gxf5 36. gxf5 Ra8 37. Kd2 Rg8 38. Rf3 h5 39. Kc3 h4 40. Kb4 Rg3 41.
Rf4 Rxh3 42. Kxb5 Rb3+ 43. Kc5 c3 44. Rf1 h3 45. Kxd5 c2 46. Rc1 h2 47. f6+ Kd7
48. e6+ fxe6+ {White resigns} 0-1

[Event "Team 45 45 League T48"]
[Site "Internet Chess Club"]
[Date "2011.02.10"]
[Round "1"]
[White "mitus"]
[Black "futureGM"]
[Result "1/2-1/2"]
[WhiteElo "1784"]
[BlackElo "1876"]
[Opening "Ruy Lopez: open, classical defense"]
[ECO "C83"]
[Time "17:04:14"]
[TimeControl "2700+45"]

1. e4 e5 2. Nf3 Nc6 3. Bb5 a6 4. Ba4 Nf6 5. O-O Nxe4 6. d4 b5 7. Bb3 d5 8. dxe5
Be6 9. c3 Be7 10. Nbd2 Nc5 11. Bc2 O-O 12. Re1 Bg4 13. h3 Bh5 14. Nb3 Ne6 15.
Qd3 Bg6 16. Qd2 Bxc2 17. Qxc2 Nb8 18. Nfd4 c5 19. Nf5 Nc6 20. Qe2 Qc7 21. Nxe7+
Qxe7 22. Be3 c4 23. Nd4 Nxe5 24. Nxe6 fxe6 25. Bd4 Nd3 26. Qxe6+ Qxe6 27. Rxe6
Nxb2 28. Re7 Rf7 29. Rae1 Raf8 30. R1e6 Nd3 31. Rxf7 Rxf7 32. Re8+ Rf8 33. Re7
Rf7 34. Re8+ {Game drawn by mutual agreement} 1/2-1/2

[Event "Team 45 45 League T48"]
[Site "Internet Chess Club"]
[Date "2011.02.10"]
[Round "1"]
[White "az2112"]
[Black "MarkNY"]
[Result "1-0"]
[WhiteElo "1767"]
[BlackElo "1769"]
[Opening "Sicilian: Grand Prix attack"]
[ECO "B23"]
[Time "20:09:19"]
[TimeControl "2700+45"]

1. e4 c5 2. Nc3 Nc6 3. f4 g6 4. Nf3 e6 5. d4 cxd4 6. Nxd4 Bg7 7. Ndb5 Bf8 8.
Nd6+ Bxd6 9. Qxd6 Qe7 10. Nb5 Qxd6 11. Nxd6+ Ke7 12. e5 Nh6 13. Be3 Nf5 14. Bc5
Nxd6 15. Bxd6+ Ke8 16. O-O-O b6 17. Bb5 Nd8 18. Rd2 Bb7 19. Rhd1 Bc6 20. Bxc6
dxc6 21. Bc7 Nb7 22. Rd7 Rf8 23. Bxb6 axb6 24. Rxb7 Rxa2 25. Kb1 Ra6 26. Rbd7 f5
27. R1d6 h5 28. Rb7 b5 29. Rxe6+ Kd8 30. Rxg6 Ra4 31. g3 h4 32. Rxc6 hxg3 33.
hxg3 Ra8 34. e6 Rh8 35. Rd6+ Ke8 36. Rbd7 Rh1+ 37. Rd1 Rxd1+ 38. Rxd1 Ke7 39.
Re1 Ra6 40. Re5 Rb6 41. Rxf5 Kxe6 42. Re5+ Kf6 43. Ka2 b4 44. Kb3 {Black
resigns} 1-0

[Event "Team 45 45 League T48"]
[Site "Internet Chess Club"]
[Date "2011.02.16"]
[Round "1"]
[White "bobhill"]
[Black "Terte"]
[Result "0-1"]
[WhiteElo "1984"]
[BlackElo "2086"]
[Opening "Dutch defense"]
[ECO "A84"]
[Time "00:30:19"]
[TimeControl "2700+45"]

1. d4 f5 2. c4 Nf6 3. Nf3 e6 4. g3 Be7 5. Nbd2 d5 6. cxd5 exd5 7. Bg2 O-O 8. Qc2
Be6 9. O-O Ne4 10. Ne5 Nd7 11. Ndf3 Bf6 12. b3 c5 13. Bb2 Rc8 14. Rac1 b5 15. e3
c4 16. Rfd1 Nb6 17. Bf1 b4 18. Qe2 c3 19. Ba1 Qd6 20. Qb5 a5 21. Nd3 Ra8 22. Nc5
Bd7 23. Nxd7 Nxd7 24. Ne1 Be7 25. Qe2 Rac8 26. Nc2 g5 27. Qb5 Ra8 28. Bg2 Rfb8
29. Qd3 Qg6 30. f3 Nd6 31. Re1 Nf6 32. Bh3 h5 33. Bg2 g4 34. fxg4 hxg4 35. Rf1
Nfe4 36. Qe2 Kg7 37. Ne1 Rh8 38. Nd3 Qh6 39. Bxe4 dxe4 40. Nf4 Bg5 41. Rc2 Bxf4
42. Rxf4 Qe6 43. Qf1 Qd5 44. Rcf2 Raf8 45. Qa6 Rf6 46. Qf1 Rhh6 47. Kg2 Rf7 48.
Kg1 Rhf6 49. Qe2 Qb5 50. Qe1 Qd3 51. a3 Nc8 52. axb4 axb4 53. Ra2 Ne7 54. Ra5
Rd6 55. Ra7 Kg6 56. Rf2 Ra6 57. Rb7 c2 58. Rf1 Nd5 59. Rxf7 Kxf7 60. Rxf5+ Ke6
61. Rf1 Nxe3 62. d5+ Kxd5 63. Rf2 Rxa1 64. Qxa1 Qd1+ 65. Rf1 Qxf1+ {White
resigns} 0-1

[Event "Team 45 45 League T48"]
[Site "Internet Chess Club"]
[Date "2011.02.12"]
[Round "1"]
[White "nightly"]
[Black "Beddathanme"]
[Result "1/2-1/2"]
[WhiteElo "1888"]
[BlackElo "1830"]
[Opening "English: symmetrical, main line with d4"]
[ECO "A39"]
[Time "10:05:01"]
[TimeControl "2700+45"]

1. Nf3 c5 2. c4 g6 3. g3 Bg7 4. Bg2 Nc6 5. Nc3 Nf6 6. O-O O-O 7. d4 cxd4 8. Nxd4
a6 9. Nc2 d6 10. h3 Be6 11. Nd5 Rc8 12. Rb1 b5 13. cxb5 axb5 14. e4 Re8 15. Be3
Bxd5 16. exd5 Ne5 17. Nb4 Qa5 18. a3 Nfd7 19. Re1 Nb8 20. Bd4 Nc4 21. Bxg7 Kxg7
22. Qd4+ {Game drawn by mutual agreement} 1/2-1/2

[Event "Team 45 45 League T48"]
[Site "Internet Chess Club"]
[Date "2011.02.13"]
[Round "1"]
[White "bgolev"]
[Black "poni"]
[Result "1-0"]
[WhiteElo "1874"]
[BlackElo "1948"]
[Opening "Pirc defense"]
[ECO "B07"]
[Time "12:01:49"]
[TimeControl "2700+45"]

1. e4 d6 2. d4 Nf6 3. Nc3 e5 4. dxe5 dxe5 5. Qxd8+ Kxd8 6. Bc4 Be6 7. Bxe6 fxe6
8. f3 Bc5 9. Na4 Bd6 10. Be3 Nbd7 11. O-O-O Ke7 12. Ne2 a6 13. c4 b5 14. c5 bxa4
15. cxd6+ cxd6 16. a3 Rhc8+ 17. Kb1 Rab8 18. Rc1 Rd8 19. Rc7 Rb3 20. Ba7 Ne8 21.
Rc2 Ra8 22. Bf2 Rab8 23. Ka2 d5 24. Nc3 d4 25. Nxa4 Nd6 26. Rc7 R8b7 27. Rhc1
Rxc7 28. Rxc7 Rb7 29. Bh4+ Ke8 30. Rc6 Nb5 31. Rxe6+ Kf7 32. Rc6 d3 33. Be1 Nd4
34. Nc5 Nxc5 35. Rxc5 Nb3 36. Rd5 Ke6 37. Bc3 a5 38. a4 Nd4 39. Bxd4 exd4 40.
Rxd4 Rc7 41. Rxd3 Rc2 42. g3 Rxh2 43. f4 Re2 44. Rd5 Rxe4 45. Rxa5 Re3 46. Re5+
Rxe5 47. fxe5 Kxe5 48. Kb3 h5 49. Kc3 g5 50. Kd3 Kd5 51. b4 Ke5 52. a5 Kd5 53.
Ke3 h4 54. gxh4 gxh4 55. Kf4 {Black resigns} 1-0

[Event "Team 45 45 League T48"]
[Site "Internet Chess Club"]
[Date "2011.02.14"]
[Round "1"]
[White "koni"]
[Black "Beetlejuice"]
[Result "1-0"]
[WhiteElo "1893"]
[BlackElo "1800"]
[Opening "Queen's pawn game, Chigorin variation"]
[ECO "D02"]
[Time "13:00:41"]
[TimeControl "2700+45"]

1. d4 d5 2. Nf3 Nc6 3. c4 Bg4 4. Nc3 e6 5. Bg5 Nge7 6. e3 h6 7. Bh4 Qd7 8. Be2
Nf5 9. Bg3 Nxg3 10. hxg3 Be7 11. cxd5 exd5 12. Qb3 Be6 13. Bb5 O-O 14. Ne5 Qd6
15. f4 Nxe5 16. fxe5 Qb4 17. Qc2 Bg5 18. a3 Qe7 19. Qe2 c6 20. Bd3 f6 21. exf6
Rxf6 22. O-O-O c5 23. Kb1 c4 24. Bc2 Qd7 25. Rdf1 Bg4 26. Qe1 b5 27. e4 dxe4 28.
Qxe4 Re8 29. Qh7+ Kf8 30. Bg6 Re3 31. Qh8+ Ke7 32. Qxg7+ Kd8 33. Qh8+ Kc7 34.
Rxf6 Bxf6 35. Qxf6 Re6 36. Qf4+ Kb6 37. Be4 h5 38. d5 Re7 39. Ka2 a5 40. Qb8+
Ka6 41. Rf1 Re8 42. Rf6+ {Black resigns} 1-0

[Event "Team 45 45 League T48"]
[Site "Internet Chess Club"]
[Date "2011.02.12"]
[Round "1"]
[White "Terte"]
[Black "flyingpawns"]
[Result "1-0"]
[WhiteElo "2079"]
[BlackElo "1694"]
[Opening "French: Steinitz, Boleslavsky variation"]
[ECO "C11"]
[Time "13:00:55"]
[TimeControl "2700+45"]

1. e4 e6 2. d4 d5 3. Nc3 Nf6 4. e5 Nfd7 5. f4 c5 6. Nf3 Nc6 7. Be3 a6 8. Qd2
cxd4 9. Nxd4 Bc5 10. g3 Nxd4 11. Bxd4 b5 12. Bh3 Bb7 13. Qe3 Qb6 14. Ne2 Bc6 15.
f5 exf5 16. e6 fxe6 17. Qxe6+ Kd8 18. Bxg7 Re8 19. Qxf5 Bb4+ 20. c3 Bc5 21. Bg4
Kc7 22. O-O-O Be3+ 23. Kb1 d4 24. Ka1 Rad8 25. Nxd4 Bxh1 26. Rxh1 Bxd4 27. Bxd4
Qc6 28. Bf3 Qg6 29. Qd5 Qe6 30. Qb7+ Kd6 31. Rd1 Ke7 32. a3 Rb8 33. Bc5+ Kf7 34.
Qxd7+ {Black resigns} 1-0

[Event "Team 45 45 League T48"]
[Site "Internet Chess Club"]
[Date "2011.02.12"]
[Round "1"]
[White "j65536d"]
[Black "mugurelt"]
[Result "1/2-1/2"]
[WhiteElo "1819"]
[BlackElo "1770"]
[Opening "Sicilian: Scheveningen (Paulsen), classical variation"]
[ECO "B85"]
[Time "22:01:52"]
[TimeControl "2700+45"]

1. e4 c5 2. Nf3 d6 3. d4 Nf6 4. Nc3 cxd4 5. Nxd4 a6 6. Be2 e6 7. O-O Be7 8. Be3
O-O 9. f4 Qc7 10. f5 Nc6 11. h3 Ne5 12. g4 h6 13. Rf2 b5 14. a3 Bb7 15. fxe6
Nxe4 16. exf7+ Rxf7 17. Nxe4 Bxe4 18. Rxf7 Kxf7 19. c3 Kg8 20. Ne6 Qd7 21. Nf4
Qb7 22. Qb3+ Kh7 23. Rf1 Bh4 24. Qd1 Qc6 25. Ne6 Bh1 26. Qc2+ Kh8 27. Bd1 Re8
28. Nd4 Qa8 29. Nf5 Bg5 30. Bd4 Be4 31. Qf2 Rf8 32. Qg3 Qd5 33. h4 Bd8 34. g5
Rxf5 35. Rxf5 Bxf5 36. gxh6 gxh6 37. Qf4 Qg8+ 38. Kh2 Kh7 39. Qxf5+ Qg6 40.
Qxg6+ Kxg6 41. Kg3 Nc4 42. Bc2+ Kf7 43. b3 Nxa3 44. Bd3 Bf6 45. Bxf6 Kxf6 46.
Kf4 Ke6 47. Ke4 d5+ 48. Kd4 Kd6 49. Bg6 a5 50. Kd3 b4 {Game drawn by mutual
agreement} 1/2-1/2

[Event "Team 45 45 League T48"]
[Site "Internet Chess Club"]
[Date "2011.02.12"]
[Round "1"]
[White "Victorianum"]
[Black "ChessicalZ"]
[Result "1-0"]
[WhiteElo "1777"]
[BlackElo "1619"]
[Opening "Queen's pawn: English defense"]
[ECO "A40"]
[Time "13:00:49"]
[TimeControl "2700+45"]

1. d4 b6 2. e4 Bb7 3. Bd3 Nf6 4. Qe2 e6 5. Nf3 Be7 6. O-O O-O 7. e5 Ne8 8. c4 f6
9. Be4 Bxe4 10. Qxe4 Nc6 11. Nc3 f5 12. Qe2 a5 13. d5 Nb8 14. dxe6 dxe6 15. Be3
Na6 16. Nd4 Qc8 17. Nc6 Rf7 18. Rad1 Nb4 19. Nxe7+ Rxe7 20. Qf3 Rb8 21. a3 Na6
22. Bg5 Rd7 23. Rxd7 Qxd7 24. Rd1 Qf7 25. Qc6 Qg6 26. h4 Nc5 27. Be7 Ne4 28.
Nxe4 fxe4 29. Rd8 Rxd8 30. Bxd8 e3 31. fxe3 Qf7 32. c5 bxc5 33. Qxc5 Qd7 34. Qd4
Qxd4 35. exd4 a4 36. Kf2 Kf7 37. Ke3 Kg6 38. g4 h5 39. gxh5+ Kxh5 40. Ke4 c6 41.
Kd3 Kg4 42. Kc4 Kf4 43. Kc5 Ke4 44. Kxc6 g6 45. Bf6 Kf5 46. Bh8 {Black resigns}
1-0

[Event "Team 45 45 League T48"]
[Site "Internet Chess Club"]
[Date "2011.02.11"]
[Round "1"]
[White "BraafPaard"]
[Black "BanjoStu"]
[Result "0-1"]
[WhiteElo "1600"]
[BlackElo "1553"]
[Opening "French: Steinitz attack"]
[ECO "C00"]
[Time "21:30:45"]
[TimeControl "2700+45"]

1. e4 e6 2. e5 d5 3. exd6 Bxd6 4. d4 Nf6 5. Nf3 O-O 6. Bd3 Nc6 7. O-O e5 8. dxe5
Nxe5 9. Nxe5 Bxe5 10. Re1 Re8 11. h3 Qd6 12. Qf3 Bd7 13. Nc3 Bc6 14. Qd1 Re7 15.
Bg5 Rae8 16. Qd2 h6 17. Be3 Nh5 18. Kf1 Re6 19. Be4 Qxd2 20. Bxd2 Bxe4 21. Nxe4
Bxb2 22. Rab1 Bd4 23. c3 Bb6 24. f3 f5 25. g4 fxe4 26. gxh5 exf3 27. Rxe6 Rxe6
28. Re1 Rxe1+ 29. Kxe1 f2+ 30. Kf1 Kf7 31. Bf4 Ke6 32. Bg3 Kf5 33. Bh4 a5 34.
Be7 c6 35. c4 Bd4 36. Bd8 a4 37. Be7 Ke4 38. c5 Kd5 39. Bh4 Kxc5 {White resigns}
0-1

[Event "Team 45 45 League T48"]
[Site "Internet Chess Club"]
[Date "2011.02.12"]
[Round "1"]
[White "superbeast"]
[Black "Deckfuel"]
[Result "1-0"]
[WhiteElo "1911"]
[BlackElo "1936"]
[Opening "English opening"]
[ECO "A10"]
[Time "08:30:31"]
[TimeControl "2700+45"]

1. c4 Nc6 2. g3 d5 3. Bg2 d4 4. d3 e5 5. Nf3 Bf5 6. a3 Qd7 7. b4 f6 8. Nbd2 g5
9. b5 Nd8 10. Ne4 Bxe4 11. dxe4 Ne6 12. O-O Bc5 13. e3 dxe3 14. Bxe3 Bxe3 15.
fxe3 Rd8 16. Qa4 a6 17. Bh3 axb5 18. cxb5 Qe7 19. b6+ c6 20. Qc4 Ng7 21. a4 h5
22. a5 g4 23. a6 bxa6 24. Qxc6+ Qd7 25. Nxe5 Qxc6 26. Nxc6 gxh3 27. b7 Rb8 28.
Nxb8 Ne7 29. Rxf6 {Black resigns} 1-0